cohdb
Replays
Latest Replays
All Replays
Popular Replays
Top Player Replays
Match Explorer
How It Works
Community
CoH3 Stats
Reddit
Sign in to upload your games and track your stats! →
Sign in with Steam
Match 41279168
Unlisted
Match 41279168
Overview
Messages
Build Orders
End
Construct Infanterie Kompanie
Selects Italian Coastal Battlegroup
Selects Coastal Reserves
Coastal Reserve
MG 42 Machine Gun Team
Coastal Reserve
GrW 34 Mortar Team
MG 42 Bunker
Construct Panzergrenadier Kompanie
Selects Support Bunkers
Medical Bunker
Panzergrenadier Squad
Selects Designated Artillery Overwatch
Pak 40 Anti-tank Gun Team
Selects Bulwark
Construct Panzer Kompanie
Selects Artillery Officer
Sturmpanzer IV Brummbär
Designated Artillery Overwatch
Anti-tank Bunker
Gooral
jonafrag
BIOHAZARD
[LoB]Fagio
0
0
Comments
sign in to comment!
No comments posted yet!